 Dungeon Crawl Stone Soup version 0.29-a0-1009-g60c99734e7 (webtiles) character file.

Game seed: 7464466686146713723

780 spaghetti the Ruffian (level 7, -11/63 HPs)
             Began as a Naga Fighter on Aug 8, 2022.
             Was an Initiate of Cheibriados.
             Mangled by Menkaure (17 damage)
             ... on level 6 of the Dungeon.
             The game lasted 00:08:50 (5766 turns).

spaghetti the Ruffian (Naga Fighter)                Turns: 5766, Time: 00:08:50

Health: -11/63     AC:  8    Str: 21    XL:     7   Next: 85%
Magic:  20/20      EV:  8    Int: 10    God:    Cheibriados [......]
Gold:   274        SH:  4    Dex: 11    Spells: 10/12 levels left

rFire   . . .      SeeInvis +     - Unarmed
rCold   + . .      Faith    .   j - +0 buckler
rNeg    . . .      Spirit   .   y - +2 ring mail {Will+}
rPois   +          Reflect  .   (no helmet)
rElec   .          Harm     .   (no cloak)
rCorr   .          Rampage  .   s - +0 pair of gloves
Will    +....                   (no barding)
Stlth   +.........              (no amulet)
HPRegen 0.20/turn               r - ring of magical power
MPRegen 0.17/turn               (no ring)

@: very slow
A: AC +2, large, see invisible, deformed body, poison resistance, slowness 2,
spit poison 1, naga tail 1, cold resistance 1
a: Spit Poison, Renounce Religion


You were on level 6 of the Dungeon.
You worshipped Cheibriados.
Cheibriados was noncommittal.
You visited 2 branches of the dungeon, and saw 7 of its levels.

You collected 274 gold pieces.


Innate Abilities, Weirdness & Mutations

Your serpentine skin is tough. (AC +2)
You have supernaturally acute eyesight. (SInv)
Armour fits poorly on your strangely shaped body.
Your system is resistant to poisons. (rPois)
You cover ground very slowly.
You can spit poison.
You have a snake-like lower body.
Your flesh is cold resistant. (rC+)


   Skills:
 + Level 3.8 Fighting
 + Level 3.1 Armour
 - Level 2.6 Shields
 + Level 5.5 Unarmed Combat
 + Level 3.3 Spellcasting
 + Level 3.8 Translocations


You had 10 spell levels left.
You knew the following spells:

 Your Spells              Type           Power      Damage    Failure   Level
a - Blink                 Tloc           18%        N/A       17%         2

Your spell library contained the following spells:

 Spells                   Type           Power      Damage    Failure   Level
 Lesser Beckoning         Tloc           9%         N/A       32%         3
 Necrotise                Necr           4%         1d4       50%         1
 Portal Projectile        Hex/Tloc       10%        N/A       58%         3
 Ensorcelled Hibernation  Hex/Ice        2%         N/A       63%         2
 Passwall                 Tmut/Erth      0%         N/A       63%         2
 Poisonous Vapours        Pois/Air       2%         N/A       63%         2
 Call Canine Familiar     Summ           1%         N/A       86%         3
 Confusing Touch          Hex            1%         N/A       86%         3
 Swiftness                Air            1%         N/A       86%         3
 Vampiric Draining        Necr           1%         2d6       86%         3
 Manifold Assault         Tloc           9%         N/A       97%         5
 Corpse Rot               Necr/Pois/Air  1%         N/A       99%         4
 Leda's Liquefaction      Hex/Erth       0%         N/A       99%         4
 Agony                    Necr           1%         N/A       100%        5
 Yara's Violent Unravell  Hex/Tmut       0%         3d3       100%        5
 Enfeeble                 Hex            0%         N/A       100%        7

Inventory:

Hand Weapons
 i - a +0 short sword {short}
   (You took it off a kobold on level 1 of the Dungeon)
 n - a +0 dagger {short}
   (You found it on level 1 of the Dungeon)
 p - a +0 dagger {short}
   (You took it off a kobold on level 1 of the Dungeon)
Missiles
 f - 3 datura-tipped darts {throwing}
 h - 32 stones {throwing}
 q - 8 poisoned darts {throwing}
 w - 2 boomerangs {throwing}
Armour
 a - a +0 scale mail
 b - a +0 buckler
 j - a +0 buckler (worn)
   (You found it on level 1 of the Dungeon)
 s - a +0 pair of gloves (worn)
   (You found it on level 2 of the Dungeon)
 y - a +2 ring mail of willpower (worn)
   (You took it off Ijyb on level 6 of the Dungeon)
Magical Staves
 e - a staff of cold {!astaff}
   (You found it on level 1 of the Dungeon)
Jewellery
 r - a ring of magical power (left hand)
   (You found it on level 2 of the Dungeon)
Scrolls
 c - a scroll of immolation {!r!r}
 d - 4 scrolls of identify {@r1}
 g - 2 scrolls of vulnerability {!r!r}
Potions
 k - 2 potions of haste {@q3}

Dungeon Overview and Level Annotations

Branches:
Dungeon (6/15) Zot: 39542  Temple (1/1) D:4 Zot: 8981

Altars:
Cheibriados
Elyvilon
Fedhas
Gozag
Hepliaklqana
Makhleb
Nemelex Xobeh
Okawaru
Qazlal
Ru
Sif Muna
Trog
Vehumet
Yredelemnul
Zin
The Shining One

Annotations:
D:2 1 runed translucent door, Crazy Yiuf
D:6 Menkaure

.. ..... ##..... .....
#. #..... ......
#..#..o. ...... . .
....###....# ...
#.##........##
#..#.#..#.M.....#
.##.....##†@....#
.........._.........##
......##.....##...###
......#..#.#..#...#
........##.##.....#
...............####
........s....###
....†....# #....<..#


You could see Menkaure (fast) and an orc.


Message History

As you read the scroll labelled EBROICRIRRU, it crumbles to dust.
You hear a loud clanging noise!
It was a scroll of noise.
You hear an angry hiss.
You hear a shout!
You hear a bark!
You hear a shout!
You hear a bark!
The scorpion stings you but does no damage. 😨 HP[+1] Blink to where?
Press: ? - help, Dir - move target
As you read the scroll labelled KUISECHOARY, it crumbles to dust.
It was a scroll of blinking.
As you read the scroll labelled IMOSMAIZESE, it crumbles to dust.
It is a scroll of amnesia.
Really abort (and waste the scroll)?
Okay, then.
You have got your breath back.
As you read the scroll labelled XUJUDA DO OHEM, it crumbles to dust.
Your body is wracked with pain!
* * * LOW HITPOINT WARNING * * *
The water moccasin convulses!
The scorpion convulses!
It was a scroll of torment. 😱 HP[-8]
You take 8 damage, and now have 11/60 hp.
As you read the scroll labelled GUFICZ KEENUR, it crumbles to dust.
You assume a fearsome visage.
The water moccasin looks frightened!
The scorpion looks frightened!
It was a scroll of fear.
l - a golden potion 😱 HP[+1]
There are no items here.
It was a potion of mutation.
You feel extremely strange.
You feel resistant to cold.
Unknown command.
Unknown command. 😱 HP[+1]
A hound comes into view.
The hound attacks as you move away! The hound bites you.
* * * LOW HITPOINT WARNING * * *
Menkaure, Prince of Dust comes into view.
The hound bites you but does no damage. The hound barely misses you. 😱 HP[-3]
You take 3 damage, and now have 10/60 hp.
Okay, then.
Okay, then.
You aren't carrying any items that you can evoke.
Okay, then.
You barely miss the hound. You block the hound's attack.
You barely miss the hound. The hound closely misses you.
Menkaure murmurs, "From dust you came, to dust you will return." 😱 HP[+1]
You closely miss the hound. You block the hound's attack. The hound bites you.
* * * LOW HITPOINT WARNING * * *
😱 HP[-4]
You take 4 damage, and now have 7/60 hp.
Unknown command.
Unknown command.
You hit the hound. The hound bites you but does no damage.
Okay, then.
Okay, then.
You closely miss the hound. The hound bites you but does no damage.
Menkaure calls on the powers of darkness!
The hound convulses!
Your body is wracked with pain!
* * * LOW HITPOINT WARNING * * *
The water moccasin convulses!
You block the hound's attack. 😱 HP[-2]
You take 2 damage, and now have 5/60 hp.
Unknown command.
Unknown command.
You hit the hound. The hound bites you but does no damage.
You punch the hound!
You kill the hound!
Cheibriados thoroughly appreciates the change of pace.
Your Armour skill increases to level 3! 😱 HP[+1]
You now have 61 max hp (+1).
You hit the water moccasin. The water moccasin closely misses you.
You closely miss the water moccasin.
Menkaure casts a spell.
Menkaure seems to speed up.
The water moccasin bites you but does no damage.
An orc comes into view. It is wielding a +0 dagger.
Unknown command.
Unknown command.
You barely miss the water moccasin. The water moccasin closely misses you.
You block Menkaure's attack.
You hit the water moccasin. The water moccasin barely misses you.
Menkaure hits you but does no damage. You block the water moccasin's attack.
You punch the water moccasin!
You kill the water moccasin!
Cheibriados appreciates the change of pace.
Menkaure rustles drily.
Menkaure casts a spell at you. Pain shoots through your body!
* * * LOW HITPOINT WARNING * * *
Menkaure barely misses you.
Your life force feels restored.
You now have 63 max hp (+2).
Unknown command.
You hit Menkaure. Menkaure hits you!
You die...

Skill      XL: |  1  2  3  4  5  6  7 |
---------------+----------------------+-----
Unarmed Combat | 3 4 5 |  5.5
Translocations | 1 2 3 |  3.8
Spellcasting   | 1 2 3 |  3.3
Armour         | 3 |  3.1
Fighting       | |  3.8
Shields        | |  2.6

Action                   |  1- 3 |  4- 6 |  7- 9 || total
-------------------------+-------+-------+-------++-------
Melee: Unarmed           |   127 |   205 |    31 ||   363
Throw: Javelin           |       |       |     4 ||     4
       Boomerang         |       |       |     4 ||     4
 Cast: Blink             |       |       |     1 ||     1
 Abil: Spit Poison       |       |    13 |     1 ||    14
Evoke: Wand              |       |     2 |     2 ||     4
  Use: Potion            |     2 |     5 |     1 ||     8
       Scroll            |       |     3 |     5 ||     8
Armor: Scale mail        |    39 |    96 |       ||   135
       Ring mail         |       |     1 |    13 ||    14
Dodge: Dodged            |    32 |    61 |    13 ||   106
Block: Buckler           |    21 |    38 |     9 ||    68

Levels and vault maps discovered:
D:1:      ebering_trefoil_3fold, layout_rooms
D:2:      minmay_roachtagon, layout_rooms, basic_altar,
          kennysheep_generic_room_3, uniq_crazy_yiuf_cottage
D:3:      layout_basic, uniq_jessica
D:4:      layout_loops_ring, minmay_temple_entry_offerings, serial_rivers,
          chequers_serial_rivers_large_a, chequers_serial_rivers_room_a,
          chequers_serial_rivers_small_3, chequers_serial_rivers_room_a,
          chequers_serial_rivers_micro_a, chequers_serial_rivers_micro_d
D:5:      layout_gridville, nicolae_dithmenos_the_darkroom, lemuel_round_altar,
          uniq_edmund, uniq_ijyb
D:6:      layout_cave_pools, mainiacjoe_overflow_small_starburst, uniq_menkaure
Temple:   minmay_freezing_vapour_temple

Notes
Turn   | Place    | Note
-------+----------+-------------------------------------------
     0 | D:1      | spaghetti the Naga Fighter began the quest for the Orb.
     0 | D:1      | Reached XP level 1. HP: 21/21 MP: 1/1
     0 | D:1      | magus.rc [v1.9.6]
   153 | D:1      | You pick up a book of Burglary and begin reading...
   153 | D:1      | You add the spells Passwall, Ensorcelled Hibernation and
                  | Swiftness to your library.
   533 | D:1      | Reached XP level 2. HP: 28/28 MP: 2/2
   918 | D:1      | Reached skill level 3 in Unarmed Combat
  1144 | D:2      | Reached XP level 3. HP: 13/34 MP: 3/3
  1523 | D:2      | You pick up a book of Spatial Translocations and begin
                  | reading...
  1523 | D:2      | You add the spells Blink, Lesser Beckoning and Manifold
                  | Assault to your library.
  1626 | D:2      | Found a bloodstained altar of Trog.
  1961 | D:2      | Reached skill level 4 in Unarmed Combat
  1962 | D:2      | Reached XP level 4. HP: 36/42 MP: 4/4
  2155 | D:2      | Found a runed translucent door.
  2156 | D:2      | Noticed Crazy Yiuf
  2181 | D:3      | Noticed Jessica
  2189 | D:3      | Reached skill level 1 in Translocations
  2191 | D:3      | Killed Jessica
  2206 | D:3      | You pick up a book of Necromancy and begin reading...
  2206 | D:3      | You add the spells Necrotise, Vampiric Draining and Agony
                  | to your library.
  2227 | D:3      | Reached skill level 1 in Spellcasting
  2894 | D:3      | You pick up a book of Vapours and begin reading...
  2894 | D:3      | You add the spells Poisonous Vapours and Corpse Rot to your
                  | library.
  3106 | D:3      | Reached XP level 5. HP: 49/49 MP: 6/6
  3519 | D:4      | Reached skill level 2 in Translocations
  3527 | D:4      | HP: 9/49 [hound (4)]
  3538 | D:4      | HP: 4/49 [hound (3)]
  3844 | D:4      | Reached skill level 2 in Spellcasting
  3844 | D:4      | Reached XP level 6. HP: 48/56 MP: 9/9
  4169 | D:4      | Learned a level 2 spell: Blink
  4223 | D:4      | You pick up a book of Misfortune and begin reading...
  4223 | D:4      | You add the spells Confusing Touch, Yara's Violent
                  | Unravelling and Enfeeble to your library.
  4390 | D:4      | Found a staircase to the Ecumenical Temple.
  4404 | D:4      | You pick up a book of the Hunter and begin reading...
  4404 | D:4      | You add the spells Call Canine Familiar, Portal Projectile
                  | and Leda's Liquefaction to your library.
  4407 | Temple   | Entered the Ecumenical Temple
  4412 | Temple   | Became a worshipper of Cheibriados the Contemplative
  4733 | D:5      | Entered Level 5 of the Dungeon
  4803 | D:5      | Reached skill level 5 in Unarmed Combat
  4803 | D:5      | Reached skill level 3 in Translocations
  4934 | D:5      | Noticed Ijyb
  4942 | D:6      | Found a burning altar of Makhleb.
  4952 | D:6      | Killed Ijyb
  5216 | D:5      | Noticed Edmund
  5233 | D:5      | HP: 14/56 [Edmund/+2 antimagic flail (5)]
  5235 | D:5      | HP: 6/56 [Edmund/+2 antimagic flail (9)]
  5236 | D:5      | Killed Edmund
  5237 | D:5      | Reached XP level 7. HP: 7/62 MP: 1/11
  5351 | D:5      | Reached skill level 3 in Spellcasting
  5746 | D:6      | HP: 11/60 [/a scroll of torment (8)]
  5750 | D:6      | Gained mutation: Your flesh is cold resistant. (rC+)
                  | [potion of mutation]
  5753 | D:6      | HP: 10/60 [hound (3)]
  5753 | D:6      | Noticed Menkaure
  5758 | D:6      | HP: 5/60 [??? (2)]
  5761 | D:6      | Reached skill level 3 in Armour
  5765 | D:6      | HP: 5/61 [Menkaure/nerve-wracking pain (1)]
  5766 | D:6      | Mangled by Menkaure

Vanquished Creatures
  Edmund (D:5)
  A water moccasin (D:6)
  A bullfrog (D:6)
  A necrophage (D:5)
  A scorpion (D:4)
  A jelly (D:5)
  4 hounds
  2 iguanas (D:5)
  Ijyb (D:6)
  Jessica (D:3)
  7 adders
  A worm (D:3)
  2 dart slugs
  An orc (D:4)
  4 ball pythons
  7 endoplasms
  11 giant cockroaches
  7 goblins
  6 hobgoblins
  4 jackals
  4 quokkas
  2 frilled lizards (D:1)
  9 kobolds
  4 rats
83 creatures vanquished.

Table legend:
 A = Non-vault XP
 B = Vault XP
 C = Vault XP percentage of total XP
 D = Non-vault monster count
 E = Vault monster count
 F = Vault count percentage of total count
                 A         B        C        D         E       F
            +---------+---------+-------+---------+---------+-------
      Total |     850 |     265 |  23.8 |      69 |      14 |  16.9
            +---------+---------+-------+---------+---------+-------
        D:1 |      20 |       0 |   0.0 |      13 |       0 |   0.0
        D:2 |      43 |      21 |  32.8 |      10 |      11 |  52.4
        D:3 |      76 |      37 |  32.7 |      21 |       1 |   4.5
        D:4 |     205 |       0 |   0.0 |      16 |       0 |   0.0
        D:5 |     226 |     169 |  42.8 |       5 |       1 |  16.7
        D:6 |     280 |      38 |  11.9 |       4 |       1 |  20.0
            +---------+---------+-------+---------+---------+-------

Illustrated notes

Table legend:
 A = Kills in this place as a percentage of kills in entire the game.
 B = Kills by you in this place as a percentage of kills by you in the entire game.
 C = Kills by friends in this place as a percentage of kills by friends in the entire game.
 D = Other kills in this place as a percentage of other kills in the entire game.
 E = Experience gained in this place as a percentage of experience gained in the entire game.
 F = Experience gained in this place divided by the number of levels of this place that you have seen.
                   A       B       C       D       E      F
               +-------+-------+-------+-------+-------+----------------------
         Total | 100.0 | 100.0 |   N/A |   N/A | 100.0 | 159.3
       Dungeon | 100.0 | 100.0 |   N/A |   N/A | 100.0 | 185.8
               +-------+-------+-------+-------+-------+----------------------

Table legend: (Time is in decaauts)
 A = Elapsed time spent in this place.
 B = Non-inter-level travel time spent in this place.
 C = Inter-level travel time spent in this place.
 D = Time resting spent in this place.
 E = Time spent auto-exploring this place.
 F = Levels seen in this place.
 G = Mean time per level.
                   A        B        C        D        E       F      G
               +--------+--------+--------+--------+--------+-----+--------+
         Total |   7063 |   6851 |    212 |    368 |   5634 |   7 | 1009.0 |
       Dungeon |   7047 |   6835 |    212 |    368 |   5634 |   6 | 1174.5 |
        Temple |     15 |     15 |      0 |      0 |      0 |   1 |   15.0 |
               +--------+--------+--------+--------+--------+-----+--------+

Top non-repeatable levels by time:
     D:4: 1685 daAuts
     D:3: 1658 daAuts
     D:1: 1277 daAuts
     D:2: 1234 daAuts
     D:5: 861 daAuts
     D:6: 330 daAuts
  Temple: 15 daAuts
